 Dungeon Crawl Stone Soup version 0.22-a0-558-gc224181 (webtiles) character file.

23 nikopol the Firebug (level 2, -4/15 HPs)
             Began as a Deep Elf Fire Elementalist on June 26, 2018.
             Slain by a quokka (5 damage)
             ... on level 1 of the Dungeon on June 27, 2018.
             The game lasted 00:02:35 (686 turns).

nikopol the Firebug (Deep Elf Fire Elementalist)     Turns: 686, Time: 00:02:35

Health: -4/15      AC:  2    Str:  5    XL:     2   Next: 72%
Magic:  1/8        EV: 13    Int: 19    God:
Gold:   86         SH:  0    Dex: 15    Spells: 6/7 levels left

rFire    . . .     SeeInvis .   (no weapon)
rCold    . . .     Gourm    .   (no shield)
rNeg     . . .     Faith    .   a - +0 robe
rPois    .         Spirit   .   (no helmet)
rElec    .         Reflect  .   (no cloak)
rCorr    .         Harm     .   (no gloves)
MR       .....                  (no boots)
Stlth    ++........             (no amulet)
HPRegen  0.05/turn              (no ring)
MPRegen  0.11/turn              (no ring)

@: no status effects
A: no striking features
a: no special abilities


You were on level 1 of the Dungeon.
You were not hungry.

You visited 1 branch of the dungeon, and saw 2 of its levels.

You collected 86 gold pieces.

Inventory:

Armour
 a - a +0 robe (worn)
Scrolls
 b - a scroll of remove curse {unknown}
 d - 2 scrolls of identify {unknown}
 f - a scroll of teleportation {unknown}
Potions
 e - a potion of resistance {unknown}
Comestibles
 c - 5 rations


   Skills:
 + Level 2.6 Dodging
 + Level 2.7 Stealth
 + Level 3.2 Spellcasting
 + Level 1.4 Conjurations
 + Level 4.0 Fire Magic


You had 6 spell levels left.
You knew the following spells:

 Your Spells              Type           Power        Failure   Level  Hunger
a - Flame Tongue          Conj/Fire      ##...        4%          1    None

Your spell library contained the following spells:

 Spells                   Type           Power        Failure   Level  Hunger
 Fireball                 Conj/Fire      ##........   80%         5    ######.
 Conjure Flame            Conj/Fire      ##......     14%         3    ###....
 Throw Flame              Conj/Fire      ##....       8%          2    ##.....
 Sticky Flame             Conj/Fire      ##......     43%         4    ####...
 Inner Flame              Hex/Fire       ##......     21%         3    ###....


Dungeon Overview and Level Annotations

Branches:
Dungeon (2/15)

Altars:


Message History

Casting: Flame Tongue (safe; 4% risk of failure)
Confirm with . or Enter, or press ? or * to list all spells.
Aiming: Flame Tongue (safe; 4% risk of failure)
Press: ? - help, Shift-Dir - straight line, f - jackal
Aim: a jackal The flame tongue hits the jackal.
You kill the jackal!
The quokka completely misses you. The quokka bites you.
The giant cockroach barely misses you. The quokka closely misses you.
There is a stone staircase leading up here.
The quokka bites you. The giant cockroach bites you.
You climb upwards.
There is a stone staircase leading down here.
The quokka bites you.
* * * LOW HITPOINT WARNING * * *
The giant cockroach bites you.
* * * LOW HITPOINT WARNING * * *
The quokka bites you.
You die...

..#..#.#.#..#.......#.#
.#..#..#..#..#......#.#
#...#..#..#...#.....#.#
...#...#...#..........#
.......#..........#.#.#
..............#...#.#.#
.##..##..##.........#+###
.##.###.###.###...#.....#
............####@r#.....#
.####...........s>#.....#
.# #######.#######.....#
.# #.# #.....# .# #.#
#.....# .# #.# #.....#
.##########.# #.....#
............# #.....#
.##########.# #######


You could see a quokka and a giant cockroach.

Vanquished Creatures
  An ooze (D:1)
  A dart slug (D:1)
  2 giant cockroaches
  A goblin (D:1)
  2 hobgoblins (D:1)
  4 jackals (D:2)
  A frilled lizard (D:2)
  A kobold (D:1)
  2 rats (D:1)
15 creatures vanquished.

Notes
Turn   | Place    | Note
-------+----------+-------------------------------------------
     0 | D:1      | nikopol the Deep Elf Fire Elementalist began the quest for the Orb.
     0 | D:1      | Reached XP level 1. HP: 10/10 MP: 6/6
   202 | D:1      | Reached XP level 2. HP: 15/15 MP: 2/8
   676 | D:2      | Reached skill level 4 in Fire Magic
   686 | D:1      | Slain by a quokka

Vault maps used:
D:1:      minmay_arrival_radiant_lines
D:2:      cheibrodos_pilgrimage

Skill      XL: |  1  2 |
---------------+-------+-----
Fire Magic     | 4 |  4.0
Dodging        | |  2.6
Stealth        | |  2.7
Spellcasting   | |  3.2
Conjurations   | |  1.4

Action                   || total
-------------------------++-------
 Cast: Flame Tongue      ||    25
Dodge: Dodged            ||     7

Table legend:
 A = Spawn XP
 B = Non-spawn XP
 C = Spawn XP percentage of total XP
 D = Spawn monster count
 E = Non-spawn monster count
 F = Spawn count percentage of total count
 G = Total turns spent on level
                    A         B        C        D         E        F      G
               +---------+---------+-------+---------+---------+-------+---------
         Total |       0 |      33 |   0.0 |       0 |      15 |   0.0 |   686
               +---------+---------+-------+---------+---------+-------+---------
           D:1 |       0 |      22 |   0.0 |       0 |       9 |   0.0 |   662
           D:2 |       0 |      11 |   0.0 |       0 |       6 |   0.0 |    24
               +---------+---------+-------+---------+---------+-------+---------
